 Dungeon Crawl Stone Soup version 0.32-a0-814-g0968bab981 (webtiles) character file.

Game seed: 9349552776937526372

2235 zenocrate the Martial Artist (level 9, -11/60 (63) HPs)
             Began as an Octopode Earth Elementalist on Mar 23, 2024.
             Was a Priest of Jiyva.
             Mangled by a wight
             ... wielding a +2 halberd of venom
              (13 damage)
             ... on level 7 of the Dungeon.
             The game lasted 00:08:36 (5424 turns).

zenocrate the Martial Artist (OpEE)                 Turns: 5424, Time: 00:08:37

HP:   -11/60 (63)   AC:  1    Str: 13    XL:     9   Next: 36%
MP:   9/12          EV: 12    Int: 26    God:    Jiyva [***...]
Gold: 200           SH:  0    Dex: 12    Spells: 8/12 levels left

rFire   . .          .
                       - Unarmed
rCold   . . .        (no shield)
rNeg    . . .        (helmet restricted)
rPois   .            (no amulet)
rElec   .            c - ring of wizardry
rCorr   +            q - +6 ring of strength
SInv    .            (no ring)
Will    .....        (no ring)
Stlth   ++++         (no ring)
HPRegen 1.42/turn    (no ring)
MPRegen 0.69/turn    (no ring)
                     (no ring)

%: wizardry (x1)
@: mighty, lethally poisoned (-11 -> -13), weak-willed, calling ooze, very
slightly contaminated, hasted, lightly drained, very quick
A: almost no armour, amphibious, 8 rings, camouflage 1, gelatinous body 1,
(nimble swimmer 1), tentacles, clever 2, wild magic 2
a: Renounce Religion, Oozemancy


You were on level 7 of the Dungeon.
You worshipped Jiyva.
Jiyva was most pleased with you.
You visited 2 branches of the dungeon, and saw 8 of its levels.
You also visited: Sewer.

You collected 200 gold pieces.

Inventory:

Armour
 e - a +1 kite shield
Jewellery
 c - a ring of wizardry (left tentacle)
 q - a +6 ring of strength (right tentacle)
Wands
 p - a wand of paralysis (10)
 r - a wand of digging (4)
Scrolls
 b - a scroll of vulnerability
 d - a scroll of noise
 f - a scroll of amnesia
 k - 2 scrolls of silence
 m - a scroll of immolation
 o - 2 scrolls of enchant armour
Potions
 a - 2 potions of magic
 g - 2 potions of invisibility
 i - a potion of enlightenment
 j - 2 potions of mutation


   Skills:
 - Level 6.4 Fighting
 - Level 2.0 Dodging
 + Level 5.2 Stealth
 + Level 9.7 Unarmed Combat
 - Level 2.0 Spellcasting
 - Level 1.0 Conjurations
 - Level 3.0 Earth Magic


You had 8 spell levels left.
You knew the following spells:

 Your Spells              Type           Power      Damage    Failure   Level
a - Stone Arrow           Conj/Erth      40%        3d9       12%         3
b - Sandblast             Erth           58%        2d13      3%          1

Your spell library contained the following spells:

 Spells                   Type           Power      Damage    Failure   Level
 Foxfire                  Conj/Fire      32%        2x1d5     8%          1
 Passwall                 Erth           29%        N/A       8%          3
 Brom's Barrelling Bould  Conj/Erth      20%        2d4       28%         4
 Petrify                  Alch/Erth      16%        N/A       34%         4
 Starburst                Conj/Fire      4%         6d3       99%         6
 Plasma Beam              Fire/Air       2%         2x1d12    100%        6


Dungeon Overview and Level Annotations

Branches:
Dungeon (7/15)             Temple (1/1) D:4           Sewer (visited)

Altars:
Ashenzari
Cheibriados
Gozag
Kikubaaqudgha
Makhleb
Nemelex Xobeh
Okawaru
Qazlal
Ru
Sif Muna
Trog
Uskayaw
Vehumet
Wu Jian
Xom
Yredelemnul
Zin
The Shining One

Shops:
D:2 =   D:3 [

Annotations:
D:4 1 runed translucent door, Dittersdorf's ghost, novice GrFi
D:7 Menkaure


Innate Abilities, Weirdness & Mutations

You cannot wear most types of armour.
You are amphibious.
You can wear up to eight rings at the same time.
Your skin changes colour to match your surroundings (Stealth+).
Your rubbery body absorbs attacks. (AC +1, EV +1)
((You are camouflaged when in or above water. (Stealth+)))
You have tentacles for arms and can constrict up to eight enemies at once.
Your mind is very acute. (Int +8, Str/Dex -2)
Your spells are harder to cast, but more powerful.


Message History

It was a scroll of noise.
You constrict the wight.
You destroy the wight!
Menkaure gestures at you while chanting.
You struggle to resist.
You hear a distant slurping noise.
It was a potion of haste.
You feel yourself speed up.
The wight hits you from afar with a +2 halberd of venom.
* * * LOW HITPOINT WARNING * * *
You are poisoned.
As you read the scroll labelled UFFOARAINI, it crumbles to dust.
A wave of despondency washes over your surroundings.
It was a scroll of vulnerability.
* * * LOW HITPOINT WARNING * * *
You feel very sick.
A wight comes into view. It is wielding a +0 dagger.
The wight closely misses you.
It was a potion of might.
You feel very mighty all of a sudden.
* * * LOW HITPOINT WARNING * * *
You feel sick.
Unknown command.
Okay, then.
You bludgeon Menkaure! Your grab misses Menkaure. You squeeze Menkaure!
Menkaure is severely damaged.
* * * LOW HITPOINT WARNING * * *
You feel sick. The wight closely misses you. Menkaure barely misses you.
Unknown command.
Unknown command.
Okay, then.
Okay, then.
Activating: Oozemancy (9% risk of failure)
Press: ? - help, Dir - look around, f - activate Slime begins to ooze from the nearby walls!
You can no longer turn your foes to slime.
* * * LOW HITPOINT WARNING * * *
You feel sick.
The wall burns Menkaure!
Menkaure closely misses you.
The walls burn the wight!
The wight hits you from afar with a +2 halberd of venom!
You die...
Jiyva sends a jelly to digest your remains.

#...
#.<..#.....#.....
#..##....##...##.....
##......###.#..#..#..
#...........#.......#
#.....##.............
##....##.......#.....
#........#....#......
###......####.##.....
#.@M...# #......
#).#...............
#z......###.........
..z........ ........
.#........... .......
.. ##........... #
............
...........


You could see Menkaure (fast, weak-willed) and 2 wights.

Vanquished Creatures
  An ogre (D:6)
  A centaur (D:5)
  2 phantoms
  A kobold brigand (D:6)
  2 bullfrogs
  3 scorpions
  16 wights
  A howler monkey (D:6)
  2 orc priests (D:6)
  3 jellies (Sewer)
  8 hounds
  2 sleepcaps
  An orc wizard (D:5)
  An iguana (D:6)
  8 gnolls (D:4)
  2 adders
  A river rat (Sewer)
  A shadow imp (D:6)
  A white imp (D:5)
  3 dart slugs
  4 ribbon worms
  8 orcs
  10 ball pythons
  5 bats
  12 endoplasms
  11 giant cockroaches
  9 goblins
  3 hobgoblins
  9 kobolds
  5 quokkas
  5 frilled lizards
  A goblin zombie (D:6)
  4 hobgoblin zombies (D:6)
  A kobold zombie (D:6)
  An orc zombie (D:6)
  12 rats
160 creatures vanquished.

Vanquished Creatures (collateral kills)
  A dart slug (D:3)
1 creature vanquished.

Vanquished Creatures (others)
  A steam dragon (D:6)
  A phantom (D:6)
  A bullfrog (D:5)
  A bombardier beetle (D:4)
  9 jellies
  A gnoll bouda (D:4)
  An orc wizard (D:6)
  A gnoll (D:4)
  3 adders
  A shadow imp (D:5)
  9 orcs (D:6)
  An endoplasm (D:4)
  5 kobolds (D:6)
35 creatures vanquished.

Grand Total: 196 creatures vanquished

Notes
Turn   | Place    | Note
-------+----------+-------------------------------------------
     0 | D:1      | zenocrate the Octopode Earth Elementalist began the quest
                  | for the Orb.
     0 | D:1      | Reached XP level 1. HP: 11/11 MP: 3/3
    57 | D:1      | Reached skill level 1 in Unarmed Combat
    84 | D:1      | Reached XP level 2. HP: 17/17 MP: 3/5
   173 | D:1      | Reached skill level 2 in Unarmed Combat
   519 | D:1      | Reached XP level 3. HP: 21/22 MP: 4/6
   525 | D:1      | Reached skill level 1 in Fighting
   577 | D:1      | Learned a level 3 spell: Stone Arrow
  1028 | D:2      | Found Jeryeq's One-of-a-Kind Rings.
  1278 | D:2      | Reached XP level 4. HP: 29/29 MP: 7/7
  1551 | D:3      | Found a broken altar of Ashenzari.
  1862 | D:3      | Reached skill level 3 in Unarmed Combat
  1900 | D:3      | Found a glowing drain.
  1905 | Sewer    | Entered a sewer
  2032 | Sewer    | Reached XP level 5. HP: 36/36 MP: 5/8
  2218 | Sewer    | Found a viscous altar of Jiyva.
  2287 | Sewer    | Reached skill level 4 in Unarmed Combat
  2411 | Sewer    | Became a worshipper of Jiyva Jitun the Shapeless
  2588 | D:3      | Found a faded altar of an unknown god.
  2644 | D:3      | Found Iggaqyr's Antique Armour Emporium.
  2741 | D:4      | Reached XP level 6. HP: 38/42 MP: 9/9
  2973 | D:4      | Reached skill level 5 in Unarmed Combat
  2989 | D:4      | Reached XP level 7. HP: 49/49 MP: 2/10
  3221 | D:4      | Reached * piety under Jiyva
  3239 | D:4      | Reached skill level 5 in Fighting
  3263 | D:4      | Found a runed translucent door.
  3263 | D:4      | Noticed Dittersdorf's ghost (novice GrFi)
  3270 | D:4      | Found a staircase to the Ecumenical Temple.
  3507 | Temple   | Entered the Ecumenical Temple
  3531 | D:5      | Entered Level 5 of the Dungeon
  3717 | D:5      | Noticed a troll
  3717 | D:5      | Noticed a vampire mosquito
  3779 | D:5      | Reached skill level 6 in Unarmed Combat
  3807 | D:5      | Reached XP level 8. HP: 55/57 MP: 11/11
  3836 | D:5      | Reached ** piety under Jiyva
  4170 | D:5      | Reached *** piety under Jiyva
  4357 | D:6      | Reached skill level 7 in Unarmed Combat
  4457 | D:6      | Found a glowing golden altar of the Shining One.
  4530 | D:6      | Gained mutation: Your mind is acute. (Int +4, Str/Dex -1)
                  | [Jiyva's grace]
  4530 | D:6      | Gained mutation: Your mind is very acute. (Int +8, Str/Dex
                  | -2) [Jiyva's grace]
  4530 | D:6      | Gained mutation: Your spells are a little harder to cast,
                  | but a little more powerful. [Jiyva's grace]
  4530 | D:6      | Gained mutation: Your spells are harder to cast, but more
                  | powerful. [Jiyva's grace]
  4576 | D:6      | Reached skill level 8 in Unarmed Combat
  4664 | D:6      | Found an opulent altar of Gozag.
  4772 | D:6      | Reached XP level 9. HP: 61/63 MP: 10/12
  4774 | D:6      | Reached skill level 9 in Unarmed Combat
  4841 | D:6      | Reached **** piety under Jiyva
  5386 | D:7      | Reached skill level 5 in Stealth
  5412 | D:7      | Noticed Menkaure
  5422 | D:7      | HP: 3/60 [poisoned by a wight]
  5424 | D:7      | Mangled by a wight

Illustrated notes

Levels and vault maps discovered:
D:1:      mrwooster_arrival_statue_2, layout_basic,
          chequers_serial_rivers_room_b
D:2:      layout_loops_ring, nicolae_shop_unique_rings,
          minmay_randomly_rotated_circles
D:3:      layout_basic, nicolae_overflow_crystal_walls, serial_shops, shop,
          gup_sewer_entry_spiral, dilly_ecumenical_altar_fadedgnrine
D:4:      layout_rooms, minmay_temple_entry_steel_oval,
          ebering_ghost_inner_flame
D:5:      layout_gridville, lightli_corner_chamber
D:6:      layout_loops_corners, mainiacjoe_overflow_24_doors,
          nicolae_tso_besieged_by_evil
D:7:      layout_cave_pools, elyvilon_altar_3, uniq_menkaure
Temple:   regret_index_temple_waves

Skill      XL: |  1  2  3  4  5  6  7  8  9 |
---------------+----------------------------+-----
Unarmed Combat | 1 2 3 4 5 6 8 9 |  9.7
Fighting       | 1 2 3 4 5 6 |  6.4
Stealth        | 5 |  5.2
Dodging        | |  2.0
Spellcasting   | |  2.0
Conjurations   | |  1.0
Earth Magic    | |  3.0

Action                     |  1- 3 |  4- 6 |  7- 9 || total
---------------------------+-------+-------+-------++-------
  Melee: Unarmed           |    52 |    89 |   115 ||   256
         Constrict         |    19 |    22 |    37 ||    78
         Tentacles         |    12 |    17 |    36 ||    65
         Punch             |     2 |     3 |     8 ||    13
   Cast: Sandblast         |    29 |    25 |       ||    54
         Stone Arrow       |       |     9 |    39 ||    48
 Invoke: Oozemancy         |       |       |     1 ||     1
  Evoke: Wand              |       |       |     1 ||     1
    Use: Scroll            |       |     9 |     3 ||    12
         Potion            |       |       |     3 ||     3
   Stab: Sleeping          |     7 |    10 |     4 ||    21
 Armour: Skin              |    28 |    44 |    51 ||   123
  Dodge: Dodged            |    31 |    48 |    46 ||   125

Table legend: (Time is in decaauts)
 A = Elapsed time spent in this place.
 B = Non-inter-level travel time spent in this place.
 C = Inter-level travel time spent in this place.
 D = Time resting spent in this place.
 E = Time spent auto-exploring this place.
 F = Levels seen in this place.
 G = Mean time per level.
                   A        B        C        D        E       F      G
               +--------+--------+--------+--------+--------+-----+--------+
         Total |   5425 |   5347 |     78 |      2 |   4228 |   9 |  602.8 |
       Dungeon |   4891 |   4813 |     78 |      2 |   3874 |   7 |  698.7 |
        Temple |      1 |      1 |      0 |      0 |      0 |   1 |    1.0 |
         Sewer |    532 |    532 |      0 |      0 |    354 |   1 |  532.0 |
               +--------+--------+--------+--------+--------+-----+--------+

Top non-repeatable levels by time:
     D:6: 980 daAuts
     D:2: 855 daAuts
     D:4: 797 daAuts
     D:5: 773 daAuts
     D:3: 772 daAuts
     D:1: 588 daAuts
   Sewer: 532 daAuts
     D:7: 124 daAuts
  Temple: 1 daAuts
